 Dungeon Crawl Stone Soup version 0.22.1-2-g9c5b331 (webtiles) character file.

4895 diana the Covert (level 10, -2/69 HPs)
             Began as an Octopode Assassin on Dec 26, 2018.
             Was an Initiate of Gozag.
             Succumbed to a gnoll sergeant's poison
             ... on level 8 of the Dungeon.
             The game lasted 00:22:08 (12479 turns).

diana the Covert (Octopode Assassin)               Turns: 12479, Time: 00:22:10

Health: -2/69      AC:  1    Str: 12    XL:     10   Next: 51%
Magic:  10/10      EV: 17    Int: 13    God:    Gozag
Gold:   318        SH:  0    Dex: 18    Spells: 9/9 levels left

rFire    x . .     SeeInvis .   y - +6 dagger of the Unliving {chaos, Str+2}
rCold    + . .     Gourm    .   (no shield)
rNeg     . . .     Faith    .   (helmet restricted)
rPois    .         Spirit   .   (no amulet)
rElec    .         Reflect  .   j - ring of wizardry
rCorr    .         Harm     .   s - ring of ice
MR       .....                  (no ring)
Stlth    +++++++...             (no ring)
HPRegen  0.21/turn              (no ring)
MPRegen  0.12/turn              (no ring)
                                (no ring)
                                (no ring)

@: lethally poisoned (-2 -> -31)
A: almost no armour, stealthy swim, amphibious, 8 rings, constrict 8, camouflage
1, gelatinous body 1
a: Potion Petition, Call Merchant, Bribe Branch, Renounce Religion


You were on level 8 of the Dungeon.
You worshipped Gozag.
Gozag was aware of your devotion.
You were very hungry.

You visited 1 branch of the dungeon, and saw 9 of its levels.

You collected 1055 gold pieces.
You spent 660 gold pieces at shops.
You paid 77 gold pieces to Gozag.

Inventory:

Hand Weapons
 b - a +0 blowgun
 o - a +2 dagger of flaming
 y - the +6 dagger of the Unliving (weapon) {chaos, Str+2}
   (You bought it in a shop on level 4 of the Dungeon)

   Each time it hits an enemy it has a different, random effect.
   It affects your strength (+2).
Missiles
 c - 33 poisoned needles
 w - a curare-tipped needle
Jewellery
 j - a ring of wizardry (left tentacle)
 s - a ring of ice (right tentacle)
Wands
 v - a wand of random effects (39)
Scrolls
 e - 5 scrolls of enchant armour {unknown}
 h - 5 scrolls of teleportation
 i - 6 scrolls of remove curse
 l - 2 scrolls of blinking {unknown}
 m - 3 scrolls of magic mapping
 n - 2 scrolls of enchant weapon {unknown}
 p - a scroll of acquirement {unknown}
 q - a scroll of noise {unknown}
 t - 2 scrolls of fear {unknown}
 u - 2 scrolls of immolation {unknown}
 x - a scroll of vulnerability {unknown}
 A - 5 scrolls of identify
Potions
 a - 2 potions of agility
 d - a potion of magic
 g - a potion of mutation {unknown}
 k - 4 potions of curing
 r - 5 potions of lignification {unknown}
 z - a potion of flight {unknown}
 B - a potion of heal wounds
Comestibles
 f - 8 rations


   Skills:
 + Level 6.4 Fighting
 + Level 6.4 Short Blades
 + Level 6.6 Throwing
 + Level 6.1 Dodging
 * Level 13.2 Stealth


You had 9 spell levels left.
You didn't know any spells.
Your spell library contained the following spells:

 Spells                   Type           Power        Failure   Level  Hunger
 Infusion                 Chrm           #...         12%         1    ##.....
 Shroud of Golubria       Chrm/Tloc      #.........   19%         2    ###....
 Song of Slaying          Chrm           #.......     19%         2    ###....
 Regeneration             Chrm/Necr      #.........   34%         3    ####...
 Spectral Weapon          Hex/Chrm       #.......     34%         3    ####...


Dungeon Overview and Level Annotations

Branches:
Dungeon (9/15)             Temple (0/1) D:6            Lair (0/6) D:9
    Orc (0/2) D:9

Altars:
Fedhas
Gozag
Kikubaaqudgha
Nemelex Xobeh
Okawaru
Ru
Sif Muna
Uskayaw
Wu Jian
Yredelemnul
Zin

Shops:
D:4 (   D:7 [   D:8 [![


Innate Abilities, Weirdness & Mutations

You cannot wear most types of armour.
You are very stealthy in the water. (Stealth+)
You are amphibious.
You can wear up to eight rings at the same time.
You can use your tentacles to constrict eight enemies at once.
Your skin changes colour to match your surroundings (Stealth+).
Your rubbery body absorbs attacks. (AC +1, EV +1)


Message History

You are feeling hungry.
You start resting.
You are feeling very hungry.
You start resting.
HP restored.
You climb downwards.
The orc warrior hits you with a glaive! The gnoll sergeant barely misses you.
The gnoll sergeant hits you from afar with a spear of venom!
You are poisoned.
There is a stone staircase leading up, spattered with blood here.
Unknown command.
You feel sick.
The gnoll sergeant hits you with a spear of venom!
You are more poisoned.
The orc warrior hits you with a glaive!!
* * * LOW HITPOINT WARNING * * *
The gnoll sergeant closely misses you.
You climb upwards.
You die...
Your body crumbles into a pile of gold.

#..........# #...........
#..........# #..<........
#..........# #...........
#..........# #...^.......
#..........# ###...........
#).........# #.....########
#..........# #####.#
#..........#######.########
#........o@g...............
#..........#####.#.#####...
##.....###.#.###.#.#####...
#.....# #.............+...
#.....###.#.###.#.#####...
#.........#.# #.#.# #...
#.........#.###.### #...
#................# #...
#.....##...####..# ####


You could see an orc warrior and a gnoll sergeant.

Vanquished Creatures
  A two-headed ogre (D:8)
  A meliai (D:8)
  A spriggan (D:8)
  2 yaks (D:9)
  4 orc warriors
  An ice beast (D:9)
  A black bear (D:7)
  2 sky beasts
  3 ogres
  A centaur (D:8)
  A crocodile (D:9)
  A big kobold (D:9)
  4 bullfrogs
  3 gnoll sergeants
  3 scorpions
  2 wights
  5 howler monkeys
  3 crimson imps
  3 hounds
  Crazy Yiuf (D:7)
  7 orc priests
  3 jellies
  11 orc wizards
  2 centaur skeletons (D:5)
  An iguana (D:5)
  Jessica (D:3)
  A gnoll shaman (D:4)
  10 worker ants
  Robin (D:3)
  8 gnolls
  A howler monkey skeleton (D:6)
  8 adders
  2 shadow imps
  4 oozes
  An adder zombie (D:5)
  2 adder skeletons (D:7)
  4 worms
  A dart slug (D:1)
  5 leopard geckos
  30 orcs
  5 giant cockroaches
  14 goblins
  6 hobgoblins
  6 jackals
  2 quokkas
  3 bats
  5 frilled lizards
  A jackal skeleton (D:6)
  6 kobolds
  10 rats
204 creatures vanquished.

Vanquished Creatures (others)
  2 goblins (D:3)
  A hobgoblin (D:3)
  2 plants (D:4)
5 creatures vanquished.

Grand Total: 209 creatures vanquished

Notes
Turn   | Place    | Note
-------+----------+-------------------------------------------
     0 | D:1      | diana the Octopode Assassin began the quest for the Orb.
     0 | D:1      | Reached XP level 1. HP: 14/14 MP: 1/1
    99 | D:1      | Reached XP level 2. HP: 13/19 MP: 2/2
   667 | D:1      | Reached XP level 3. HP: 24/24 MP: 3/3
   937 | D:1      | Reached skill level 6 in Stealth
   995 | D:2      | Reached XP level 4. HP: 28/30 MP: 4/4
  1006 | D:2      | Reached XP level 5. HP: 23/36 MP: 5/5
  1558 | D:2      | Reached skill level 7 in Stealth
  2012 | D:2      | Found a sacrificial altar of Ru.
  2013 | D:2      | Found a hide-covered altar of Uskayaw.
  2013 | D:2      | Found an iron altar of Okawaru.
  2013 | D:2      | Found a sparkling altar of Nemelex Xobeh.
  2015 | D:2      | Found a basalt altar of Yredelemnul.
  2017 | D:2      | Found a blossoming altar of Fedhas.
  2140 | D:3      | Noticed Robin
  2158 | D:3      | Killed Robin
  2430 | D:3      | Reached XP level 6. HP: 42/42 MP: 6/6
  2713 | D:3      | Noticed Jessica
  2740 | D:3      | Killed Jessica
  3114 | D:4      | Found a glowing silver altar of Zin.
  3252 | D:4      | Found Vojer's Antique Weapon Shop.
  3372 | D:4      | Reached skill level 8 in Stealth
  3372 | D:4      | Reached XP level 7. HP: 14/46 MP: 7/7
  4783 | D:5      | Entered Level 5 of the Dungeon
  5156 | D:5      | Found an ancient bone altar of Kikubaaqudgha.
  5185 | D:5      | Reached skill level 9 in Stealth
  5204 | D:5      | Reached XP level 8. HP: 49/54 MP: 8/8
  5314 | D:5      | Found a deep blue altar of Sif Muna.
  5314 | D:5      | Found an opulent altar of Gozag.
  5335 | D:5      | Found an ornate altar of the Wu Jian Council.
  5341 | D:5      | Became a worshipper of Gozag Ym Sagoz the Greedy
  6699 | D:6      | Reached skill level 10 in Stealth
  7467 | D:6      | Reached skill level 5 in Throwing
  7479 | D:6      | Found a staircase to the Ecumenical Temple.
  7500 | D:6      | Reached XP level 9. HP: 60/60 MP: 9/9
  7752 | D:6      | Reached skill level 5 in Short Blades
  7851 | D:6      | Reached skill level 5 in Fighting
  8121 | D:4      | Bought a steaming short sword for 256 gold pieces
  8121 | D:4      | Identified the cursed +1 short sword of Suwaut {pierce,
                  | rPois Str+2 Dex-4} (You bought it in a shop on level 4 of
                  | the Dungeon)
  8788 | D:7      | Found Sired's Armour Boutique.
  8821 | D:7      | Found a runed door.
  8885 | D:7      | Reached skill level 11 in Stealth
  9061 | D:7      | Noticed Crazy Yiuf
  9111 | D:7      | Killed Crazy Yiuf
  9707 | D:4      | Bought a jewelled dagger for 224 gold pieces
  9707 | D:4      | Identified the +6 dagger of the Unliving {chaos, Str+2}
                  | (You bought it in a shop on level 4 of the Dungeon)
  9807 | D:8      | Found Etoefig's Armour Boutique.
  9823 | D:8      | Found Iviafrupt's Antique Armour Shoppe.
 10004 | D:8      | Noticed a two-headed ogre
 10354 | D:8      | Reached skill level 5 in Dodging
 10426 | D:8      | Found Kydyhyle's Distillery.
 10477 | D:8      | Killed a two-headed ogre
 10477 | D:8      | Reached skill level 12 in Stealth
 10539 | D:8      | Reached XP level 10. HP: 67/68 MP: 10/10
 10558 | D:8      | Bought a potion of heal wounds for 75 gold pieces
 10558 | D:8      | Bought a potion of agility for 60 gold pieces
 10558 | D:8      | Bought a potion of curing for 45 gold pieces
 11252 | D:9      | Found a staircase to the Lair.
 11729 | D:9      | Found a staircase to the Orcish Mines.
 11932 | D:8      | Reached skill level 13 in Stealth
 12478 | D:9      | HP: 1/69 [orc warrior/glaive (30)]
 12479 | D:8      | Succumbed to a gnoll sergeant's poison

Skill      XL: |  1  2  3  4  5  6  7  8  9 10 |
---------------+-------------------------------+-----
Stealth        | 6 7 8 9 10 12 13 | 13.2
Dodging        | 2 3 4 5 6 |  6.1
Throwing       | 3 4 5 6 |  6.6
Fighting       | 3 4 5 6 |  6.4
Short Blades   | 3 4 5 6 |  6.4

Action                   |  1- 3 |  4- 6 |  7- 9 | 10-12 || total
-------------------------+-------+-------+-------+-------++-------
Melee: Dagger            |    41 |   158 |   238 |   100 ||   537
       Constrict         |     7 |    39 |    52 |    17 ||   115
       Tentacles         |     4 |    27 |    72 |    26 ||   129
       Short sword       |       |       |    41 |       ||    41
 Fire: Blowgun           |       |       |    55 |     5 ||    60
  Use: Potion            |     1 |     3 |     4 |       ||     8
       Scroll            |       |     3 |     4 |       ||     7
 Stab: Sleeping          |     6 |    21 |    17 |     1 ||    45
       Invisible         |       |     3 |     1 |       ||     4
       Distracted        |       |     1 |     3 |     1 ||     5
       Petrified         |       |       |       |     2 ||     2
       Petrifying        |       |       |       |     1 ||     1
       Paralysed         |       |       |       |     1 ||     1
  Eat: Chunk             |       |     7 |     4 |       ||    11
       Ration            |       |       |     5 |     2 ||     7
Armor: Skin              |     4 |     7 |    13 |     1 ||    25
Dodge: Dodged            |    25 |    89 |   132 |    70 ||   316
